 Dungeon Crawl Stone Soup version 0.24.0-1-gfbc8707122 (webtiles) character file.

Game seed: 2798519444884248034, levelgen mode: deterministic

214 Mrkan the Slasher (level 5, -1/47 HPs)
             Began as a Draconian Monk on Oct 25, 2019.
             Was a Believer of Vehumet.
             Slain by a river rat (3 damage)
             ... on level 4 of the Dungeon.
             The game lasted 00:06:42 (3099 turns).

Mrkan the Slasher (Draconian Monk)                  Turns: 3099, Time: 00:06:43

Health: -1/47      AC:  7    Str: 14    XL:     5   Next: 60%
Magic:  5/5        EV: 17    Int: 11    God:    Vehumet [**....]
Gold:   200        SH:  0    Dex: 13    Spells: 3/4 levels left

rFire    . . .     SeeInvis .   a - +0 falchion
rCold    . . .     Gourm    .   (no shield)
rNeg     . . .     Faith    .   (armour unavailable)
rPois    .         Spirit   .   (helmet restricted)
rElec    .         Reflect  .   k - +0 cloak
rCorr    .         Harm     .   q - +0 pair of gloves
MR       .....                  (no boots)
Stlth    ++........             (no amulet)
HPRegen  0.15/turn              j - +4 ring of evasion
MPRegen  0.09/turn              (no ring)

@: lethally poisoned (-1 -> -3)
A: unfitting armour, cold-blooded, AC +5
a: Renounce Religion


You were on level 4 of the Dungeon.
You worshipped Vehumet.
Vehumet was pleased with you.
You were hungry.

You visited 1 branch of the dungeon, and saw 4 of its levels.

You collected 200 gold pieces.

Inventory:

Hand Weapons
 a - a +0 falchion (weapon)
Armour
 k - a +0 cloak (worn)
 q - a +0 pair of gloves (worn)
Jewellery
 j - a +4 ring of evasion (left hand)
 p - an uncursed ring of magical power {unknown}
 t - a cursed ring of teleportation {unknown}
Scrolls
 d - 2 scrolls of teleportation {unknown}
 h - 4 scrolls of remove curse {unknown}
 i - 3 scrolls of identify {unknown}
 m - 3 scrolls of enchant weapon {unknown}
 n - 2 scrolls of fog {unknown}
 s - a scroll of blinking {unknown}
Potions
 c - a potion of agility {unknown}
 e - 2 potions of degeneration {unknown}
 f - a potion of invisibility {unknown}
 g - a potion of brilliance {unknown}
 l - 3 potions of curing {unknown}
 o - a potion of cancellation {unknown}
Comestibles
 b - a ration
 r - 6 chunks of flesh


   Skills:
 + Level 4.7 Fighting
 * Level 5.3 Long Blades
 - Level 2.6 Dodging
 - Level 1.7 Stealth
 + Level 1.4 Conjurations


You had 3 spell levels left.
You knew the following spells:

 Your Spells              Type           Power        Failure   Level  Hunger
a - Magic Dart            Conj           #...         21%         1    ##.....

Your spell library contained the following spells:

 Spells                   Type           Power        Failure   Level  Hunger
 Throw Flame              Conj/Fire      #.....       38%         2    ###....
 Confusing Touch          Hex            #.....       34%         1    ##.....
 Confuse                  Hex            #.......     71%         3    ####...
 Gell's Gravitas          Tloc           #.........   71%         3    ####...
 Petrify                  Tmut/Erth      #.......     98%         4    #####..
 Metabolic Englaciation   Hex/Ice        #.........   100%        5    ######.
 Yara's Violent Unravell  Hex/Tmut       #.........   100%        5    ######.


Dungeon Overview and Level Annotations

Branches:
Dungeon (4/15)
 Temple: D:4-7

Altars:
Ashenzari
Cheibriados
Trog
Vehumet

Annotations:
D:3 Purgy


Innate Abilities, Weirdness & Mutations

Your plain brown scales are hard. (AC +5)
You cannot fit into any form of body armour.
You are cold-blooded and may be slowed by cold attacks.


Message History

* * * LOW HITPOINT WARNING * * *
You feel sick. The adder completely misses you.
* * * LOW HITPOINT WARNING * * *
You feel sick. The adder closely misses you. The adder barely misses you.
Okay, then.
You barely miss the adder. You tail-slap the adder.
The adder is heavily wounded.
The adder barely misses you.
You barely miss the adder.
The adder is heavily wounded.
* * * LOW HITPOINT WARNING * * *
You feel sick. The adder bites you but does no damage.
The river rat misses you.
You hit the adder.
The adder is almost dead.
The adder barely misses you.
You riposte.
You hit the adder but do no damage.
The adder is almost dead.
The river rat bites you.
You die...

.... #.#.# #.###.# ...
#.#.###...#.#
#.#.#.....#.# ...
#.#.#.##..#.# ....
#.#.#.....#.# ....
#.#.#..<..#.# .....
#.#.........####
.....###.#######......#
.......@#### ######.#
#####.rS#≈≈ #.#
.......≈#≈# #.#
####...≈#≈# #.#
#..≈≈≈≈# #.# #...≈#≈#
#.# #...≈≈≈# #.#
#....#≈# #.# #...≈≈≈#
#.#


You could see an adder and a river rat.

Vanquished Creatures
  Jessica (D:2)
  Terence (D:2)
  2 worker ants (D:4)
  A gnoll (D:3)
  4 adders
  An ooze (D:3)
  An adder skeleton (D:4)
  3 worms (D:4)
  4 leopard geckos (D:3)
  2 orcs (D:3)
  5 bats
  2 giant cockroaches
  6 goblins
  6 hobgoblins
  3 jackals (D:1)
  5 kobolds (D:3)
  A ball python (D:1)
  3 frilled lizards
  6 rats
57 creatures vanquished.

Notes
Turn   | Place    | Note
-------+----------+-------------------------------------------
     0 | D:1      | Mrkan the Draconian Monk began the quest for the Orb.
     0 | D:1      | Reached XP level 1. HP: 19/19 MP: 1/1
   136 | D:1      | Reached XP level 2. HP: 21/26 MP: 2/2
   924 | D:2      | Noticed Jessica
   930 | D:2      | Killed Jessica
   930 | D:2      | Reached skill level 4 in Long Blades
   930 | D:2      | Reached XP level 3. HP: 33/33 MP: 3/3
  1018 | D:2      | Noticed Terence
  1061 | D:2      | Killed Terence
  1061 | D:2      | Reached XP level 4. HP: 32/40 MP: 4/4
  1500 | D:3      | Found a bloodstained altar of Trog.
  1500 | D:3      | Found a radiant altar of Vehumet.
  1504 | D:3      | Became a worshipper of Vehumet
  1504 | D:3      | Reached * piety under Vehumet
  1504 | D:3      | Offered knowledge of Magic Dart by Vehumet.
  1504 | D:3      | Reached ** piety under Vehumet
  1507 | D:3      | Learned a level 1 spell: Magic Dart
  1615 | D:3      | Offered knowledge of Throw Flame by Vehumet.
  1995 | D:3      | Found a shattered altar of Ashenzari.
  2074 | D:3      | Found a snail-covered altar of Cheibriados.
  2471 | D:4      | Reached XP level 5. HP: 47/47 MP: 5/5
  2485 | D:4      | Reached skill level 5 in Long Blades
  2485 | D:4      | Reached skill level 1 in Conjurations
  2690 | D:4      | Noticed Purgy
  3098 | D:4      | HP: 2/47 [poisoned by an adder]
  3099 | D:4      | Slain by a river rat

Levels and vault maps discovered:
D:1:      lemuel_arrival_behind_the_door_large, layout_loops_cross
D:2:      layout_basic, uniq_terence, uniq_jessica
D:3:      layout_loops_corners, cheibriados_altar_1, marbit_many_paths,
          gammafunk_temple_overflow_elements, minmay_vboxes
D:4:      layout_basic, nicolae_overflow_crystal_walls, kennysheep_little_box,
          lightli_sewer_entry_pipes, uniq_purgy

Skill      XL: |  1  2  3  4  5 |
---------------+----------------+-----
Long Blades    | 4 5 |  5.3
Fighting       | 4 |  4.7
Conjurations   | 1 |  1.4
Dodging        | |  2.6
Stealth        | |  1.7

Action                   |  1- 3 |  4- 6 || total
-------------------------+-------+-------++-------
Melee: Falchion          |    65 |   140 ||   205
       Tailslap          |     7 |    26 ||    33
 Cast: Magic Dart        |       |    14 ||    14
 Stab: Sleeping          |     3 |     6 ||     9
  Eat: Chunk             |       |     4 ||     4
       Ration            |       |     1 ||     1
Armor: Skin              |    20 |    38 ||    58
Dodge: Dodged            |    39 |   151 ||   190
       Rpst.: Falchion   |    14 |    43 ||    57
